 Dungeon Crawl Stone Soup version 0.27.1 (webtiles) character file.

Game seed: 11999812987781013050

130 MacCMillion the Chiller (level 4, -1/33 HPs)
             Began as a Demigod Ice Elementalist on Aug 28, 2021.
             Slain by a bullfrog skeleton (4 damage)
             ... on level 3 of the Dungeon.
             The game lasted 00:09:59 (3496 turns).

MacCMillion the Chiller (Demigod Ice Elementalist)  Turns: 3496, Time: 00:09:59

Health: -1/33      AC:  2    Str: 15    XL:     4   Next: 59%
Magic:  10/10      EV: 12    Int: 21    God:
Gold:   97         SH:  0    Dex: 14    Spells: 3/7 levels left

rFire    . . .     SeeInvis .   e - +0 dagger
rCold    . . .     Faith    .   (no shield)
rNeg     . . .     Spirit   .   a - +0 robe
rPois    .         Reflect  .   (no helmet)
rElec    .         Harm     .   (no cloak)
rCorr    .         Rampage  .   (no gloves)
Will     .....                  (no boots)
Stlth    ++........             (no amulet)
HPRegen  0.11/turn              f - +6 ring of strength
MPRegen  0.12/turn              (no ring)

@: brilliant, weak-willed, on berserk cooldown, slowed, very slow
A: high mp 1, forlorn
a: no special abilities


You were on level 3 of the Dungeon.
You visited 1 branch of the dungeon, and saw 3 of its levels.

You collected 97 gold pieces.

Inventory:

Hand Weapons
 b - a +0 spear
 e - a +0 dagger (weapon)
Armour
 a - a +0 robe (worn)
Jewellery
 f - a +6 ring of strength (left hand)
Scrolls
 d - 2 scrolls of identify {unknown}
 h - a scroll of magic mapping {unknown}


   Skills:
 - Level 1.9 Dodging
 - Level 1.9 Stealth
 - Level 2.1 Spellcasting
 + Level 5.4 Ice Magic


You had 3 spell levels left.
You knew the following spells:

 Your Spells              Type           Power      Damage    Failure   Level
a - Freeze                Ice            100%       1d11      1%          1
b - Frozen Ramparts       Ice            74%        1d9       4%          3

Your spell library contained the following spells:

 Spells                   Type           Power      Damage    Failure   Level
 Ozocubu's Armour         Ice            37%        N/A       4%          3
 Pain                     Necr           12%        1d4       14%         1
 Hailstorm                Conj/Ice       20%        3d6       43%         4
 Agony                    Necr           3%         N/A       99%         5
 Excruciating Wounds      Necr           1%         N/A       99%         5


Dungeon Overview and Level Annotations

Branches:
Dungeon (3/15)

Shops:
D:3 :


Innate Abilities, Weirdness & Mutations

Your attributes grow dramatically as you level up.
You have an increased reservoir of magic. (+10% MP)
You shall have no god before yourself.


Message History

The bullfrog skeleton hits you.
You barely miss the bullfrog skeleton.
The bullfrog skeleton is moderately damaged.
The bullfrog skeleton hits you. x2
You hit the bullfrog skeleton.
The bullfrog skeleton is moderately damaged.
The bullfrog skeleton hits you.
You hit the bullfrog skeleton.
The bullfrog skeleton is moderately damaged.
The bullfrog skeleton hits you.
You are too injured to fight recklessly!
The bullfrog skeleton hits you.
* * * LOW HITPOINT WARNING * * *
You see here a scroll labelled ALOUCL CIMI.
The bullfrog skeleton misses you. The bullfrog skeleton hits you.
* * * LOW HITPOINT WARNING * * *
The bullfrog skeleton hits you.
* * * LOW HITPOINT WARNING * * *
It was a potion of brilliance.
You feel clever all of a sudden.
The bullfrog skeleton closely misses you.
It was a potion of berserk rage.
A red film seems to cover your vision as you go berserk!
You feel yourself moving faster!
You feel mighty! The bullfrog skeleton hits you.
* * * LOW HITPOINT WARNING * * *
Unknown command.
You feel a strong urge to attack something.
You feel your anger nearly subside.
You are no longer berserk.
You are exhausted.
You feel yourself slow down.
The bullfrog skeleton closely misses you.
You aren't carrying any potions.
As you read the scroll labelled REHYETU VIRIEST, it crumbles to dust.
Magic quickly surges around you.
It was a scroll of vulnerability.
The bullfrog skeleton misses you.
The bullfrog skeleton closely misses you.
The bullfrog skeleton hits you.
You die...

...#.. #...... .#######.####
.#.#.# ...... ............#
.#.#.# .... .....##..)..# .#...#
##.........# .....## #.###.?...#
....... ##### #.........#
.###..#+#...##########....####.#
.# +∩+.#...............# ..#
.######'#####...@Z........###
#.#
..........)<..................
..
##########............######## #
######.......# #########


You could see a bullfrog skeleton (weak-willed).

Vanquished Creatures
  Robin (D:3)
  2 adders (D:2)
  A worm (D:2)
  3 orcs (D:3)
  6 bats (D:1)
  9 endoplasms
  3 giant cockroaches (D:1)
  17 goblins
  5 hobgoblins
  3 jackals (D:2)
  7 kobolds
  3 quokkas
  11 ball pythons
  8 frilled lizards
  8 rats
87 creatures vanquished.

Notes
Turn   | Place    | Note
-------+----------+-------------------------------------------
     0 | D:1      | MacCMillion the Demigod Ice Elementalist began the quest
                  | for the Orb.
     0 | D:1      | Reached XP level 1. HP: 14/14 MP: 5/5
   402 | D:1      | Reached skill level 4 in Ice Magic
   402 | D:1      | Reached XP level 2. HP: 20/20 MP: 5/7
  1098 | D:1      | Reached XP level 3. HP: 26/26 MP: 5/8
  1776 | D:2      | Learned a level 3 spell: Frozen Ramparts
  2649 | D:3      | Reached XP level 4. HP: 31/33 MP: 8/10
  2841 | D:3      | Reached skill level 5 in Ice Magic
  3000 | D:3      | Noticed Robin
  3007 | D:3      | Killed Robin
  3332 | D:3      | Found Kus Wyk's Book Shop.
  3496 | D:3      | Slain by a bullfrog skeleton

Illustrated notes

Levels and vault maps discovered:
D:1:      heliophobic_arrival_henge, layout_loops_ring, minmay_lizard_pond
D:2:      layout_loops_cross, basic_altar
D:3:      layout_rooms, old_standard_altar, cheibriados_altar_1,
          tso_oasis_becter, fedhas_altar_1, nicolae_overflow_hidden_temple,
          ebering_ecumenical_altar_sacrificial, serial_shops,
          nicolae_shop_behind_doors, hangedman_decor_riveting, uniq_robin

Skill      XL: |  1  2  3  4 |
---------------+-------------+-----
Ice Magic      | 4 5 |  5.4
Spellcasting   | 2 |  2.1
Dodging        | |  1.9
Stealth        | |  1.9

Action                   |  1- 3 |  4- 6 || total
-------------------------+-------+-------++-------
Melee: Unarmed           |    11 |       ||    11
       Dagger            |    40 |    38 ||    78
 Cast: Freeze            |    63 |    14 ||    77
       Frozen Ramparts   |       |     5 ||     5
  Use: Potion            |       |     2 ||     2
       Scroll            |       |     1 ||     1
 Stab: Sleeping          |     7 |       ||     7
Armor: Robe              |    19 |     3 ||    22
Dodge: Dodged            |    57 |    43 ||   100
